[Event "*** Titled Tuesday Blitz"]
[Site "Chess.com"]
[Date "2021.02.02"]
[Round "4"]
[White "r31415"]
[Black "vovachesss"]
[Result "0-1"]
[WhiteElo "2508"]
[BlackElo "2739"]
[TimeControl "180+1"]
[EndTime "10:41:24 PST"]
[Termination "vovachesss won by resignation"]

1. e4 e5 2. Nf3 d5 3. d4 dxe4 4. Nxe5 Bd6 5. Nc4 Nf6 6. Bg5 O-O 7. Nxd6 Qxd6 8. c3 Re8 9. Be2 Nbd7 10. O-O Nf8 11.
Nd2 Ng6 12. Nc4 Qe7 13. f3 exf3 14. Bxf3 Be6 15. Ne5 Nxe5 16. dxe5 Qc5+ 17. Kh1 Qxe5 18. Bxf6 gxf6 19. Bxb7 Rab8 20. Qf3 Kh8 21. b3 Rxb7 22.
Qxb7 Bd5 23. Qb4 Qe2 24. Rg1 Rg8 0-1

[Event "*** Titled Tuesday Blitz"]
[Site "Chess.com"]
[Date "2021.02.02"]
[Round "4"]
[White "NovikovaGalina"]
[Black "PattyCastillo"]
[Result "1/2-1/2"]
[WhiteElo "2261"]
[BlackElo "2044"]
[TimeControl "180+1"]
[EndTime "10:41:25 PST"]
[Termination "Game drawn by repetition"]

1. e4 c5 2. Nf3 d6 3. d4 cxd4 4.
Nxd4 Nf6 5. Nc3 a6 6. h3 e6 7. g4 d5 8. Bg2 Bb4 9. exd5 Nxd5 10. Bd2 Bxc3 11. bxc3 O-O 12. O-O Qc7 13. Qf3 Bd7 14.
Qd3 Nc6 15. c4 Ne5 16. Qg3 Nxc4 17. Qxc7 Nxc7 18. Bg5 Nd5 19. Rab1 Rab8 20. Bh4 Nd2 21. Rfd1 Nxb1 22. Rxb1 Nf4 23. Bf1 e5 24. Nf3 f6 25.
Bg3 Bc6 26. Nh4 Rbd8 27. Nf5 Rfe8 28. Bc4+ Kh8 29. Bf7 Rf8 30. Bb3 Nxh3+ 31. Kh2 Nf4 32. Ne7 Bf3 33. Nf5 g6 34. Ne3 Kg7 35. Bh4 g5 36. Bg3 Rd2 37. Nf5+ Kg6 38. Ne7+ Kg7 39. Nf5+ Kh8 40. Nh6 Kg7 41. Nf5+ 1/2-1/2

[Event "*** Titled Tuesday Blitz"]
[Site "Chess.com"]
[Date "2021.02.02"]
[Round "4"]
[White "IngOscarArdila"]
[Black "ApacheSVD"]
[Result "1-0"]
[WhiteElo "2239"]
[BlackElo "2416"]
[TimeControl "180+1"]
[EndTime "10:41:28 PST"]
[Termination "IngOscarArdila won by checkmate"]

1. d4 d5 2. Nf3 e6 3. g3 Nf6 4. Bg2 Be7 5. O-O O-O 6. Nbd2 Nbd7 7. b3 b5 8. a4 c6 9. Bb2 Bb7 10. Ne5 b4 11. Ndf3 Rc8 12. Re1 a5 13. Rc1 Ba6 14. Nxd7 Nxd7 15. Ne5 Nxe5 16. dxe5 c5 17. e4 dxe4 18. Bxe4 Qxd1 19. Rcxd1 Rfd8 20. f4 c4 21. Kg2 c3 22. Bc1 h6 23. Be3 Rb8 24. Kf3 Kf8 25.
h3 Rxd1 26. Rxd1 Rd8 27. Rxd8+ Bxd8 28. Bc5+ Kg8 29. g4 g6 30. Ke3 Kg7 31. Bg2 h5 32. Bf3 hxg4 33. hxg4 Bc8 34. Be4 g5 35. f5 exf5 36.
gxf5 Bc7 37. Bd4 Kf8 38. Kf3 Bd8 39. Kg4 Ba6 40. f6 Be2+ 41. Kxg5 Bd1 42. Bc5+ Kg8 43. Kh6 Bc7 44. Bh7+ Kh8 45. Bf8 Bxe5 46. Bg7# 1-0

[Event "*** Titled Tuesday Blitz"]
[Site "Chess.com"]
[Date "2021.02.02"]
[Round "4"]
[White "AlexeiShirov"]
[Black "Margency"]
[Result "1-0"]
[WhiteElo "2833"]
[BlackElo "2626"]
[TimeControl "180+1"]
[EndTime "10:41:29 PST"]
[Termination "AlexeiShirov won by resignation"]

1. e4 c5 2. Nf3 d6 3. d4 cxd4 4. Nxd4 Nf6 5. Nc3 a6 6. h3 e6 7.
g4 h6 8. Bg2 g5 9. b3 Nbd7 10.
Bb2 Ne5 11. Qd2 Ng6 12. O-O-O Nd7 13. Nce2 Nde5 14. Kb1 Bd7 15. f4 gxf4 16. Nxf4 Nxf4 17. Qxf4 Qg5 18. Qf2 Be7 19. Rdf1 Rh7 20. Nf3 Nxf3 21.
Bxf3 Bc6 22. h4 Qg6 23. e5 Bxf3 24. Qxf3 d5 25. h5 Qg5 26. Qd3 Rh8 27. Rhg1 Rc8 28.
Rg2 Bc5 29. Bc1 Qe7 30. g5 hxg5 31. Bxg5 Qc7 32. h6 Bf8 33. h7 Qc3 34. Qxc3 Rxc3 35. Rh1 Bg7 36. Bf6 Bxf6 37. Rg8+ Kd7 38. exf6 Rc8 39.
Rg7 Rcf8 40. Rh5 Kd6 41. Rhg5 e5 42. Rg8 1-0

[Event "*** Titled Tuesday Blitz"]
[Site "Chess.com"]
[Date "2021.02.02"]
[Round "4"]
[White "juancruzarias"]
[Black "ARTHURMOTIVATOR"]
[Result "1-0"]
[WhiteElo "2586"]
[BlackElo "2315"]
[TimeControl "180+1"]
[EndTime "10:41:29 PST"]
[Termination "juancruzarias won by resignation"]

1. e4 e5 2. Nf3 Nc6 3. Bb5 a6 4. Ba4 d6 5. d3 g6 6. c3 Bg7 7.
Nbd2 Nf6 8. O-O O-O 9. Qe2 Nh5 10. Re1 Nf4 11. Qf1 g5 12. Kh1 g4 13. Ng1 f5 14.
Bb3+ Kh8 15. Nc4 fxe4 16. dxe4 Qf6 17. Be3 Qg6 18. Rad1 h5 19. Bc2 h4 20. g3 Nh3 21.
Nxh3 gxh3 22. f3 hxg3 23. hxg3 Qxg3 24. Nd2 Bg4 25. Qf2 Bxf3+ 26. Nxf3 Qxf3+ 27. Qxf3 Rxf3 28. Rd2 Raf8 29. Bd1 R3f7 30. Rg1 Ne7 31. Rh2 Rf1 32. Rxh3+ Kg8 33. Bb3+ d5 34. exd5 Rxg1+ 35. Kxg1 Rf6 36. d6+ Kf8 37. dxe7+ Kxe7 38. Bg5 1-0

[Event "*** Titled Tuesday Blitz"]
[Site "Chess.com"]
[Date "2021.02.02"]
[Round "4"]
[White "CSB7"]
[Black "chess4ever007"]
[Result "1/2-1/2"]
[WhiteElo "2585"]
[BlackElo "2365"]
[TimeControl "180+1"]
[EndTime "10:41:30 PST"]
[Termination "Game drawn by agreement"]

1. e4 c5 2. Nf3 e6 3. b3 Nc6 4.
Bb2 a6 5. c4 d6 6. d4 cxd4 7. Nxd4 Nf6 8. Nc3 d5 9. cxd5 exd5 10.
exd5 Nxd5 11. Nxc6 bxc6 12. Nxd5 cxd5 13. Qd2 a5 14. Bb5+ Bd7 15. Qxd5 Bb4+ 16. Kf1 Bxb5+ 17. Qxb5+ Kf8 18. h4 Rb8 19. Qe2 h5 20. Rd1 Qe7 21.
Rh3 f6 22. Rhd3 Qxe2+ 23. Kxe2 Kf7 24. Rd7+ Kg6 25. Ra7 Rhe8+ 26. Kf3 Rb5 27. Rdd7 Rf5+ 28. Kg3 Bf8 29. Bd4 Re4 30. Be3 Re8 31. Bc5 1/2-1/2

[Event "*** Titled Tuesday Blitz"]
[Site "Chess.com"]
[Date "2021.02.02"]
[Round "4"]
[White "frederiksvane"]
[Black "Rud_Makarian"]
[Result "0-1"]
[WhiteElo "2762"]
[BlackElo "2907"]
[TimeControl "180+1"]
[EndTime "10:41:31 PST"]
[Termination "Rud_Makarian won on time"]

1. e4 e5 2. Nf3 Nc6 3. Bb5 Nf6 4. O-O Nxe4 5. Re1 Nd6 6. Nxe5 Be7 7. Bf1 Nxe5 8. Rxe5 O-O 9. d4 Bf6 10. Re1 Re8 11.
Bf4 Rxe1 12. Qxe1 Bxd4 13. Bxd6 cxd6 14. Nc3 Be5 15. Rd1 b6 16. f4 Bxc3 17. Qxc3 Bb7 18. Rxd6 Bc6 19. Qe5 Qf8 20. Bc4 Re8 21. Qd4 Qe7 22. Qd2 Kf8 23. h3 Qe1+ 24. Qxe1 Rxe1+ 25. Kf2 Re4 26. Bd5 Rd4 27. c4 Ke7 28. Ke3 Rd1 29.
Rxc6 dxc6 30. Bxc6 Ra1 31. a3 Rb1 32. b4 Rb3+ 33. Kd4 Rxa3 34. Bf3 Rb3 35. b5 Rb1 36. c5 bxc5+ 37. Kxc5 Rc1+ 38. Kb4 Kd6 39. h4 Rb1+ 40. Kc4 Ra1 41. Kb4 Ke6 42. Be4 g6 43.
Bf3 Kf5 44. Bd5 f6 45. Bg8 h5 46. Bh7 Rg1 47. Kc5 Rxg2 0-1

[Event "*** Titled Tuesday Blitz"]
[Site "Chess.com"]
[Date "2021.02.02"]
[Round "4"]
[White "GadimbayliA"]
[Black "m_ezat"]
[Result "0-1"]
[WhiteElo "2872"]
[BlackElo "2553"]
[TimeControl "180+1"]
[EndTime "10:41:31 PST"]
[Termination "m_ezat won on time"]

1. e4 c6 2. Nf3 d5 3. exd5 cxd5 4. d4 Bg4 5. h3 Bxf3 6. Qxf3 Nc6 7. c3 e6 8. Bf4 Bd6 9. Nd2 Nf6 10. Bg5 h6 11. Bxf6 Qxf6 12. Qxf6 gxf6 13. Bd3 Ke7 14. O-O f5 15.
Rfe1 Kf6 16. a4 a6 17. Nf3 Rab8 18. Kf1 Rhg8 19. Reb1 Rg7 20. b4 Rbg8 21. Nh4 Kg5 22. Nf3+ Kf6 23. Nh4 Kg5 24. g3 h5 25. b5 axb5 26. axb5 Ne7 27. Ra7 Rb8 28. Re1 Kf6 29. Nf3 Ng6 30. Rea1 Rgg8 31. c4 dxc4 32. Bxc4 Rgc8 33.
R1a4 Ne7 34. h4 f4 35. Ng5 Nf5 36. d5 e5 37. Ne4+ Ke7 38. b6 fxg3 39. fxg3 Rxc4 0-1

[Event "*** Titled Tuesday Blitz"]
[Site "Chess.com"]
[Date "2021.02.02"]
[Round "4"]
[White "Ashedu66"]
[Black "realmadridtv"]
[Result "0-1"]
[WhiteElo "2179"]
[BlackElo "2411"]
[TimeControl "180+1"]
[EndTime "10:41:31 PST"]
[Termination "realmadridtv won on time"]

1. d4 d5 2. c4 e6 3. Nc3 c6 4. Nf3 Bd6 5. e3 f5 6. Be2 Nf6 7. O-O O-O 8. b3 Bd7 9. a4 Qe7 10. Bb2 Be8 11. Qc1 Nbd7 12. Ba3 Ne4 13. Bxd6 Qxd6 14.
Qb2 Bh5 15. Rae1 Rf6 16. Nxe4 fxe4 17. Ne5 Rh6 18. f4 exf3 19. Bxf3 Bxf3 20. Rxf3 Rf8 21. Rxf8+ Nxf8 22. Rf1 Ng6 23. Qf2 Nxe5 24. dxe5 Qe7 25. cxd5 exd5 26. Qg3 Re6 27. Rf5 g6 28. Rg5 Kg7 29.
h4 h6 30. Rg4 h5 31. Rg5 Qb4 32. Rxh5 Qxb3 33. Rg5 d4 34. h5 Qxe3+ 35. Qxe3 dxe3 36. Rxg6+ Rxg6 37. hxg6 Kxg6 38. Kf1 Kf5 39. Ke2 Kxe5 40.
Kxe3 b5 41. a5 c5 42. Kd3 a6 43. Kc3 Kf4 44. Kd3 c4+ 0-1

[Event "*** Titled Tuesday Blitz"]
[Site "Chess.com"]
[Date "2021.02.02"]
[Round "4"]
[White "SHIVACalypso"]
[Black "VladimirPotkin"]
[Result "0-1"]
[WhiteElo "2370"]
[BlackElo "2639"]
[TimeControl "180+1"]
[EndTime "10:41:32 PST"]
[Termination "VladimirPotkin won by resignation"]

1. Nf3 Nf6 2. c4 e6 3. g3 d5 4. Bg2 dxc4 5. Qa4+ c6 6. Qxc4 b5 7. Qc2 Bb7 8. O-O Nbd7 9. d3 c5 10. b3 Be7 11. a3 O-O 12. Bb2 Rc8 13. Nbd2 a6 14. Rac1 h6 15. Qb1 Qb6 16. Qa1 Rfe8 17. Ne5 Nxe5 18. Bxe5 Bxg2 19. Kxg2 Qb7+ 20. Nf3 Red8 21.
Rc2 Qd5 22. Qb2 Ne8 23. Rfc1 Bf6 24. Bxf6 Nxf6 25. Qe5 Qxb3 26. Rxc5 Rxc5 27. Qxc5 Nd5 28. Ne5 Qb2 29. Nc6 Re8 30. e4 Nf6 31. Qc3 Qe2 32.
Nd4 Qh5 33. Nb3 Rd8 34. Nc5 Rc8 35. Qd4 Qe2 36. Nb3 Rxc1 37. Nxc1 Qc2 38. Qe3 Ng4 39. Qf3 Nxf2 40. Qxf2 Qxc1 41. Qb6 Qxa3 42. Qd8+ Kh7 43. Qd7 Qb2+ 44. Kh3 Qf6 45. Qc6 Qf1+ 46. Kh4 Qxd3 47. Qxa6 Qxe4+ 48. Kh3 b4 49. Qf1 Qf5+ 50. Qxf5+ exf5 51. Kg2 b3 0-1

[Event "*** Titled Tuesday Blitz"]
[Site "Chess.com"]
[Date "2021.02.02"]
[Round "4"]
[White "C_K_G"]
[Black "Arvids_Andrejevs"]
[Result "0-1"]
[WhiteElo "2101"]
[BlackElo "2389"]
[TimeControl "180+1"]
[EndTime "10:41:32 PST"]
[Termination "Arvids_Andrejevs won by resignation"]

1. e4 e5 2. Nf3 Nc6 3. Bc4 Nf6 4. Ng5 d5 5. exd5 Nd4 6. c3 b5 7. Bf1 Nxd5 8. cxd4 Qxg5 9. Bxb5+ Kd8 10. O-O exd4 11. Qf3 Be6 12. d3 Qf6 13. Qg3 Bd6 14. Bg5 Bxg3 15.
Bxf6+ Nxf6 16. hxg3 Rb8 17. a4 Rb6 18. Na3 c6 19.
Bc4 Rxb2 20. Bxe6 fxe6 21. Nc4 Rb3 22. Ne5 Kc7 23. Rfc1 Rc3 24. Re1 Re8 25. a5 Nd5 26. a6 Nb4 27. Reb1 c5 28. Rd1 Rb8 29. f4 Rb6 30.
Rd2 Rxa6 31. Re1 Raa3 32. g4 Nxd3 33. Nxd3 Rxd3 34. Rxd3 Rxd3 35. Rxe6 c4 36. f5 c3 37. Re5 Kd6 38. Re8 c2 39. Rd8+ Kc7 0-1

[Event "*** Titled Tuesday Blitz"]
[Site "Chess.com"]
[Date "2021.02.02"]
[Round "4"]
[White "ruvat"]
[Black "LenkaPtacnikova"]
[Result "1-0"]
[WhiteElo "2329"]
[BlackElo "2102"]
[TimeControl "180+1"]
[EndTime "10:41:33 PST"]
[Termination "ruvat won on time"]

1. d4 Nf6 2. c4 e6 3. g3 d5 4.
Nf3 Bb4+ 5. Bd2 Be7 6. Bg2 O-O 7. O-O dxc4 8. Qa4 a6 9. Qxc4 b5 10. Qc2 Bb7 11. Rc1 Nc6 12. Qd3 Nb4 13. Bxb4 Bxb4 14.
a3 Be4 15. Qd1 Bd6 16. Nbd2 Bb7 17. Nb3 Bd5 18. Nc5 Ne4 19. Nd3 Rc8 20. b4 a5 21.
Rab1 c6 22. Nfe5 axb4 23. axb4 f6 24. Nf3 Re8 25. Rc2 Qe7 26. Qc1 Rc7 27. Nfe1 f5 28.
Nf3 Ra8 29. Nfe5 Ra4 30. f3 Nf6 31. Qd2 g6 32. Nf4 Kg7 33. h4 Kg8 34. Nfd3 1-0

[Event "*** Titled Tuesday Blitz"]
[Site "Chess.com"]
[Date "2021.02.02"]
[Round "4"]
[White "SharapovEvgeny"]
[Black "TigrVShlyape"]
[Result "1/2-1/2"]
[WhiteElo "2470"]
[BlackElo "2835"]
[TimeControl "180+1"]
[EndTime "10:41:35 PST"]
[Termination "Game drawn by stalemate"]

1. e4 e5 2. Nf3 Nc6 3. Nc3 Nf6 4.
Bb5 Bb4 5. Nd5 Be7 6. Nxf6+ Bxf6 7. O-O O-O 8. Re1 d6 9. h3 Bd7 10. c3 g6 11. d4 Nxd4 12. Nxd4 exd4 13. Bxd7 Qxd7 14.
cxd4 Rfe8 15. Bf4 Rad8 16. Qd2 c5 17. dxc5 dxc5 18. Qxd7 Rxd7 19. e5 Bg7 20. Rad1 Red8 21. Rxd7 Rxd7 22. b3 Kf8 23. e6 fxe6 24. Rxe6 Kf7 25.
Rd6 Rxd6 26. Bxd6 Bd4 27. Kf1 Ke6 28. Bb8 a6 29. Ke2 Kd5 30. f3 c4 31. bxc4+ Kxc4 32. f4 b5 33. g4 a5 34. f5 gxf5 35. gxf5 a4 36. Kd2 b4 37. Kc2 Bf6 38. Bf4 h5 39. Bc1 b3+ 40. axb3+ axb3+ 41. Kb1 Kd5 42. Bb2 Bxb2 43. Kxb2 Ke5 44. Kxb3 Kxf5 45. Kc2 Kf4 46. Kd2 Kg3 47. Ke1 h4 48. Kf1 Kxh3 49. Kg1 Kg3 50. Kh1 h3 51. Kg1 h2+ 52. Kh1 Kh3 1/2-1/2

[Event "*** Titled Tuesday Blitz"]
[Site "Chess.com"]
[Date "2021.02.02"]
[Round "4"]
[White "Make_it_shine060"]
[Black "Chesstrainer1"]
[Result "1-0"]
[WhiteElo "2181"]
[BlackElo "2387"]
[TimeControl "180+1"]
[EndTime "10:41:35 PST"]
[Termination "Make_it_shine060 won on time"]

1. d4 Nf6 2. c4 g6 3. Nc3 Bg7 4. e4 d6 5. Be2 O-O 6. Bg5 a6 7. Qd2 c5 8. d5 b5 9. cxb5 Qa5 10. bxa6 Bxa6 11. Bxa6 Qxa6 12. Nge2 Nbd7 13. O-O Rfb8 14. a4 Rb4 15. f3 Rab8 16. Nb5 Rxa4 17. Rxa4 Qxa4 18.
Nec3 Qb3 19. Ra1 Rxb5 20. Nxb5 Qxb5 21. Ra8+ Nf8 22. h3 Qb7 23. Ra1 1-0

[Event "*** Titled Tuesday Blitz"]
[Site "Chess.com"]
[Date "2021.02.02"]
[Round "4"]
[White "Chimpinha"]
[Black "nikitadovbnya2008"]
[Result "1-0"]
[WhiteElo "2395"]
[BlackElo "2137"]
[TimeControl "180+1"]
[EndTime "10:41:35 PST"]
[Termination "Chimpinha won on time"]

1. d4 d5 2. c4 e6 3. Nc3 Nf6 4. Bg5 Nbd7 5. e3 c6 6. cxd5 exd5 7. Bd3 Be7 8. Nge2 O-O 9. Qc2 Re8 10. O-O Nf8 11. f3 g6 12. e4 dxe4 13. fxe4 Ne6 14.
Bxf6 Bxf6 15. d5 Nd4 16. Nxd4 Bxd4+ 17. Kh1 Bg4 18. Bc4 Rf8 19. Qd3 Be5 20. h3 Qh4 21.
Nd1 b5 22. Bb3 c5 23. Bc2 c4 24. Qe3 Bd7 25. Rb1 a5 26. Nf2 Qe7 27. b3 1-0

[Event "*** Titled Tuesday Blitz"]
[Site "Chess.com"]
[Date "2021.02.02"]
[Round "4"]
[White "PelinGorki"]
[Black "Frolyanov_D"]
[Result "1/2-1/2"]
[WhiteElo "2456"]
[BlackElo "2608"]
[TimeControl "180+1"]
[EndTime "10:41:36 PST"]
[Termination "Game drawn by repetition"]

1. e4 c5 2. a3 a6 3. b4 Nc6 4. Nf3 e5 5. Bc4 b5 6. Bd5 Nf6 7. O-O cxb4 8. axb4 Bxb4 9. c3 Bd6 10. d4 exd4 11.
Bxc6 dxc6 12. e5 Be7 13. exf6 Bxf6 14. cxd4 O-O 15. h3 Bf5 16. Be3 Be4 17. Nbd2 Bd5 18.
Qc2 Re8 19. Rfe1 a5 20. Bf4 Rxe1+ 21. Rxe1 a4 22. Ne5 a3 23. Nxc6 Qc8 24. Nb4 Qxc2 25. Nxc2 a2 26. Be5 b4 27. Bxf6 gxf6 28. Na1 Ra3 29. Re3 Ra8 30. Ndb3 Bxb3 31. Rxb3 Rc8 32.
Rxb4 Rc1+ 33. Kh2 Rxa1 34. Ra4 Rd1 35. Rxa2 Rxd4 36. Ra6 Kg7 37. Kg3 Rd3+ 38. f3 Rd5 39. Kf4 Rd4+ 40. Ke3 Rd5 41. g4 Rc5 42. Kf4 h6 43. Kg3 Rd5 44. Rb6 Rc5 45. Ra6 Rd5 46.
Rb6 Rc5 47. Ra6 1/2-1/2

[Event "*** Titled Tuesday Blitz"]
[Site "Chess.com"]
[Date "2021.02.02"]
[Round "4"]
[White "rududuyk"]
[Black "oogee"]
[Result "0-1"]
[WhiteElo "2141"]
[BlackElo "2349"]
[TimeControl "180+1"]
[EndTime "10:41:36 PST"]
[Termination "oogee won on time"]

1. e4 c5 2. Nf3 d6 3. d4 cxd4 4. Nxd4 Nf6 5. Nc3 g6 6. Be3 Bg7 7. f3 O-O 8. Bc4 Nc6 9. Qd2 Bd7 10. Bb3 Nxd4 11. Bxd4 b5 12. a4 a6 13. axb5 axb5 14.
O-O Bc6 15. Na2 Bb7 16. Nb4 e6 17. c3 Qc7 18. Qe3 Rfe8 19. Qg5 Qd7 20. Bxf6 h6 21. Qh4 g5 22. Bxg5 hxg5 23. Qxg5 Kf8 24. Rfd1 Qe7 25. Qxb5 Rab8 26. Qh5 Red8 27. Ra7 Qf6 28. Rda1 Bh6 29. Kh1 Kg7 30. Qg4+ Kh7 0-1

[Event "*** Titled Tuesday Blitz"]
[Site "Chess.com"]
[Date "2021.02.02"]
[Round "4"]
[White "andy_rekt"]
[Black "Joseacorrea"]
[Result "1-0"]
[WhiteElo "2242"]
[BlackElo "2014"]
[TimeControl "180+1"]
[EndTime "10:41:36 PST"]
[Termination "andy_rekt won on time"]

1. d4 e6 2. c4 f5 3. a3 Nf6 4.
Nc3 b6 5. d5 Bb7 6. g3 c6 7. dxe6 dxe6 8. Qxd8+ Kxd8 9. Bf4 Nbd7 10. Bg2 e5 11. Bd2 Kc7 12. Nf3 Bd6 13. O-O h6 14. b4 g5 15. Rfd1 Rad8 16. e4 fxe4 17. Ne1 a6 18. Nxe4 Nxe4 19. Bxe4 Nf6 20. Bg2 c5 21. Bxb7 Kxb7 22. Nc2 Ne4 23. Be1 Be7 24. Ne3 cxb4 25. axb4 Nf6 26. Nf5 Rxd1 27. Rxd1 Rd8 28.
Rxd8 Bxd8 29. Nd6+ Kc6 30. Nf7 Bc7 31. Nxh6 a5 32.
bxa5 bxa5 33. Nf5 Kc5 34. Ne3 Ne4 35. h4 a4 36. h5 a3 37. h6 a2 38. Nc2 Kxc4 39.
h7 Kb3 40. Na1+ Kb2 41. h8=Q Kxa1 42. Qc8 Kb1 43. Qb7+ 1-0

[Event "*** Titled Tuesday Blitz"]
[Site "Chess.com"]
[Date "2021.02.02"]
[Round "4"]
[White "hermionegrangermagic"]
[Black "KuzubovYuriy"]
[Result "0-1"]
[WhiteElo "2644"]
[BlackElo "2843"]
[TimeControl "180+1"]
[EndTime "10:41:37 PST"]
[Termination "KuzubovYuriy won by checkmate"]

1. e4 c5 2. Nf3 Nc6 3. d4 cxd4 4. Nxd4 Nf6 5. Nc3 e5 6. Ndb5 d6 7. Bg5 a6 8. Na3 b5 9. Bxf6 gxf6 10. Nd5 f5 11. c3 Bg7 12. Bd3 Be6 13. Nxb5 axb5 14. Bxb5 Bd7 15. exf5 O-O 16. Qg4 Kh8 17. O-O Rb8 18.
a4 Rg8 19. Qe4 Qg5 20. f6 Bh6 21. h4 Qh5 22. Ne7 Nxe7 23. fxe7 Bf5 24. Qd5 e4 25.
e8=Q Rbxe8 26. Bxe8 Rxg2+ 27. Kxg2 Bh3+ 28. Kxh3 Qf3+ 29. Kh2 Bf4+ 30. Kg1 Qg4+ 31. Kh1 Qh3+ 32. Kg1 Qh2# 0-1

[Event "*** Titled Tuesday Blitz"]
[Site "Chess.com"]
[Date "2021.02.02"]
[Round "4"]
[White "eCztery"]
[Black "chesslh19"]
[Result "1-0"]
[WhiteElo "2427"]
[BlackElo "2254"]
[TimeControl "180+1"]
[EndTime "10:41:37 PST"]
[Termination "eCztery won on time"]

1. e4 e5 2. Nf3 Nf6 3. Nxe5 d6 4. Nxf7 Kxf7 5. Bc4+ d5 6. exd5 Bd6 7. d3 Re8+ 8.
Be3 Kg8 9. O-O Ng4 10. h3 Nxe3 11. fxe3 Rxe3 12. Nc3 Re8 13. Ne4 Nd7 14. Qh5 Nf6 15.
Nxf6+ gxf6 16. d4 Bd7 17. Bd3 Qe7 18. Qh4 Qg7 19. Rf3 f5 20. Raf1 f4 21. c4 Be7 22.
Qh5 Bg5 23. Bxh7+ Qxh7 24. Qxg5+ Qg7 25. Qxf4 Rf8 26. Qxc7 Rxf3 27. Rxf3 Qxd4+ 28. Kh2 Qg7 29. Rg3 Bg4 30. Rxg4 1-0

[Event "*** Titled Tuesday Blitz"]
[Site "Chess.com"]
[Date "2021.02.02"]
[Round "4"]
[White "SaraciNderim"]
[Black "wonderfultime"]
[Result "0-1"]
[WhiteElo "2819"]
[BlackElo "3017"]
[TimeControl "180+1"]
[EndTime "10:41:38 PST"]
[Termination "wonderfultime won by checkmate"]

1. d4 d5 2. Nf3 Nf6 3. Bf4 Bf5 4.
e3 e6 5. c4 Bxb1 6. Qxb1 Bb4+ 7.
Kd1 Bd6 8. Bg3 c5 9. cxd5 Nxd5 10. Bc4 Nc6 11. Ke2 cxd4 12. Bxd5 exd5 13. Nxd4 Nxd4+ 14. exd4 O-O 15. Rd1 Qb6 16. Kf1 Rfe8 17. Qd3 Bxg3 18.
hxg3 Re4 19. b3 Rae8 20. Rac1 h5 21. Rc5 Qe6 22. Rcc1 h4 23. gxh4 Rxh4 24. f3 Qh6 25.
Kf2 Rh2 26. f4 Qh4+ 27. Kf3 Re4 28. Rc8+ Kh7 29. Qd2 f5 30. Rc5 Qg4+ 31. Kf2 Qxg2# 0-1

[Event "*** Titled Tuesday Blitz"]
[Site "Chess.com"]
[Date "2021.02.02"]
[Round "4"]
[White "ohajek96"]
[Black "mamonika"]
[Result "1-0"]
[WhiteElo "2249"]
[BlackElo "2023"]
[TimeControl "180+1"]
[EndTime "10:41:38 PST"]
[Termination "ohajek96 won on time"]

1. e4 c5 2. Nf3 Nc6 3. Bb5 g6 4. Bxc6 bxc6 5. O-O Bg7 6. c3 d5 7. exd5 cxd5 8. d4 cxd4 9. Nxd4 Nf6 10. Re1 Qc7 11. Na3 Bd7 12. Nab5 Qc5 13. a4 a6 14. b4 Qb6 15. a5 Qb8 16. Na3 Ne4 17. Qd3 Qc7 18.
Bd2 O-O 19. f3 Nxd2 20. Qxd2 e5 21. Nb3 Be6 22. Nc5 Rfe8 23. Rad1 Qc6 24. Nc2 Rad8 25.
Kh1 Qb5 26. Qe2 Qxe2 27. Rxe2 Rd6 28. Red2 1-0

[Event "*** Titled Tuesday Blitz"]
[Site "Chess.com"]
[Date "2021.02.02"]
[Round "4"]
[White "Chessmasterzt"]
[Black "Arseniy_Nesterov"]
[Result "0-1"]
[WhiteElo "2620"]
[BlackElo "2809"]
[TimeControl "180+1"]
[EndTime "10:41:39 PST"]
[Termination "Arseniy_Nesterov won by checkmate"]

1. d4 d5 2. c4 c6 3. Nf3 Nf6 4. Nc3 dxc4 5. e4 b5 6. Be2 e6 7.
O-O Bb7 8. b3 cxb3 9. Qxb3 Be7 10. Bg5 h6 11. Bh4 O-O 12. e5 Nd5 13. Bxe7 Nxe7 14. Ne4 Nf5 15. Rfd1 Nd7 16. Rac1 a6 17. Bd3 Qe7 18. Nc5 Nb6 19. Bxf5 exf5 20. Qc2 Bc8 21. Nd3 Bd7 22. Nf4 Nd5 23. Qd2 Rac8 24. Rc5 Nxf4 25. Qxf4 Be6 26. Ne1 Bxa2 27. Qxf5 Rfd8 28. Rdc1 Be6 29.
Qf4 Qd7 30. Nf3 Bd5 31. Ne1 a5 32. Nd3 Be6 33. Qg3 Qxd4 34. Rxc6 Rxc6 35. Rxc6 Qa1+ 36.
Rc1 Qxc1+ 37. Nxc1 Rd1# 0-1

[Event "*** Titled Tuesday Blitz"]
[Site "Chess.com"]
[Date "2021.02.02"]
[Round "4"]
[White "zeitnot2006"]
[Black "Sviridov_Valery"]
[Result "0-1"]
[WhiteElo "2556"]
[BlackElo "2939"]
[TimeControl "180+1"]
[EndTime "10:41:39 PST"]
[Termination "Sviridov_Valery won by resignation"]

1. e4 Nf6 2. e5 Nd5 3. c4 Nb6 4. d4 d6 5. exd6 exd6 6. Nc3 Be7 7. Be3 O-O 8. Rc1 Nc6 9. Nf3 Bg4 10. b3 Bf6 11.
Be2 Re8 12. O-O d5 13. c5 Nc8 14. h3 Bh5 15. a3 h6 16. b4 a6 17. g4 Bg6 18. Ne1 N8e7 19. Ng2 Qd7 20. Qd2 Rad8 21. Nf4 Bg5 22. Bf3 Bxf4 23. Bxf4 Be4 24. Bg2 Ng6 25.
Bg3 Bxg2 26. Kxg2 f5 27. f3 Re7 28. Rce1 Rde8 29. Rxe7 Rxe7 30. Re1 Rxe1 31. Qxe1 Qf7 32. Qd2 Nd8 33. Qd3 fxg4 34. hxg4 c6 35. Ne2 Ne6 36. Qe3 Qf6 37. a4 Ng5 38. Nf4 Nxf4+ 39. Bxf4 Ne6 40.
Be5 Qg6 41. Bg3 Kf7 42. Qe5 Qc2+ 43. Kh3 Ng5+ 0-1

[Event "*** Titled Tuesday Blitz"]
[Site "Chess.com"]
[Date "2021.02.02"]
[Round "4"]
[White "CheckThis4"]
[Black "Demeter39"]
[Result "1-0"]
[WhiteElo "2580"]
[BlackElo "2395"]
[TimeControl "180+1"]
[EndTime "10:41:39 PST"]
[Termination "CheckThis4 won by resignation"]

1. d4 Nf6 2. Bg5 e6 3. e4 h6 4. Bxf6 Qxf6 5. c3 d5 6. Nd2 Qd8 7. Ngf3 Be7 8. Bd3 b6 9. exd5 exd5 10. O-O Be6 11. Ne5 O-O 12. f4 c5 13. f5 Bc8 14.
Ndf3 Bf6 15. Qd2 Ba6 16. Bxa6 Nxa6 17. Ng4 Re8 18. Rae1 Qd6 19. Nfe5 Rac8 20. Rf3 Bg5 21. Qd3 Nb8 22. Ref1 h5 23. Nf2 Nc6 24. Rg3 Bh6 25.
f6 Nxe5 26. dxe5 Qxe5 27. fxg7 Re6 28. Qf3 Rf6 29. Qd3 d4 30. Ne4 Rxf1+ 31. Kxf1 Qf5+ 32. Rf3 Qe5 33. Nf6+ Kxg7 34. Qh7+ Kf8 35. Qh8+ Ke7 36.
Qxc8 Be3 37. Qe8+ Kd6 38. Qxe5+ 1-0

[Event "*** Titled Tuesday Blitz"]
[Site "Chess.com"]
[Date "2021.02.02"]
[Round "4"]
[White "Mimsychess"]
[Black "salomez"]
[Result "1/2-1/2"]
[WhiteElo "2357"]
[BlackElo "2216"]
[TimeControl "180+1"]
[EndTime "10:41:39 PST"]
[Termination "Game drawn by repetition"]

1. d4 Nf6 2. c4 g6 3. f3 d5 4. cxd5 Nxd5 5. e4 Nb6 6. Nc3 Bg7 7. Be3 O-O 8. Qd2 Nc6 9. O-O-O f5 10. e5 Be6 11.
Nh3 Nc4 12. Bxc4 Bxc4 13. b3 Bd5 14. Nf4 e6 15. Ncxd5 exd5 16. Ne6 Qd7 17. Nxf8 Bxf8 18. Kb1 a5 19. a4 b5 20. axb5 Nb4 21. Bh6 Bxh6 22.
Qxh6 Qxb5 23. Qg5 a4 24. Qe7 Nd3 25. Qe6+ Kg7 26. Qf6+ Kh6 27. Qh4+ Kg7 28. Qf6+ Kh6 29. Qh4+ Kg7 30. Qf6+ 1/2-1/2

[Event "*** Titled Tuesday Blitz"]
[Site "Chess.com"]
[Date "2021.02.02"]
[Round "4"]
[White "BabyBoss31"]
[Black "Yaryi_sergey"]
[Result "1-0"]
[WhiteElo "2325"]
[BlackElo "2466"]
[TimeControl "180+1"]
[EndTime "10:41:40 PST"]
[Termination "BabyBoss31 won by resignation"]

1. d4 Nf6 2. Bg5 g6 3. Bxf6 exf6 4. e3 f5 5. g3 Bg7 6. Bg2 O-O 7. Ne2 d6 8. O-O c5 9. Nbc3 Qb6 10. Rb1 Nc6 11. Nd5 Qa5 12. a3 Be6 13. b4 cxb4 14. axb4 Qd8 15. c4 Rc8 16. Nef4 Re8 17. c5 a6 18. Nb6 dxc5 19. bxc5 Rb8 20. d5 Ne5 21. dxe6 fxe6 22. Qxd8 Rbxd8 23. Bxb7 Bf8 24. c6 Bd6 25. Rfd1 Bc7 26.
Nd7 a5 27. Nf6+ Kf7 28. Nxe8 Rxe8 29. Rbc1 g5 30. Rd7+ Re7 31. Rxe7+ Kxe7 32. Ne2 Nd3 33. Rd1 Nc5 34. Nc3 Bb6 35. Nb5 a4 36. Ba8 a3 37. c7 Bxc7 38. Nxc7 Nb3 39. Nxe6 a2 40. Bd5 a1=Q 41. Rxa1 Nxa1 42. Nxg5 h6 43. Nf3 Nc2 44. Kg2 Nb4 45. Bb3 Kf6 46. h4 Nd3 47. Nd4 Ne1+ 48. Kf1 Nd3 49. Bc2 Nb4 50. Bxf5 Nd5 51. Be4 Nc3 52. Bf3 Ke5 53. Kg2 Kf6 54. Nc6 Nb5 55.
e4 Nc3 56. e5+ Kf5 57. g4+ Kf4 58. e6 1-0